 Dungeon Crawl Stone Soup version 0.30-a0-394-g3e4acdb0ae (webtiles) character file.

Game seed: 8117618477534384216

166 greasedhog the Sneak (level 5, -12/27 HPs)
             Began as a Spriggan Fighter on Dec 7, 2022.
             Killed by divine providence
             ... invoked by an orc priest
              (13 damage)
             ... on level 3 of the Dungeon.
             The game lasted 00:04:20 (2367 turns).

greasedhog the Sneak (Spriggan Fighter)             Turns: 2367, Time: 00:04:21

Health: -12/27     AC:  2    Str: 18    XL:     5   Next: 22%
Magic:  6/6        EV: 17    Int: 10    God:
Gold:   81         SH:  0    Dex: 16    Spells: 4/4 levels left

rFire   . . .      SeeInvis +    a - +0 rapier
rCold   . . .      Faith    .    c - +0 buckler
rNeg    . . .      Spirit   .    b - +0 robe
rPois   .          Reflect  .    (helmet restricted)
rElec   .          Harm     .    (no cloak)
rCorr   .          Rampage  .    (gloves unavailable)
Will    .....                    (boots unavailable)
Stlth   +.........               (no amulet)
HPRegen 0.24/turn                i - +6 ring of strength
MPRegen 0.10/turn                (no ring)

@: confused, mighty, very quick
A: very small, no large weapons, unfitting armour, see invisible, speed 3
a: no special abilities


You were on level 3 of the Dungeon.
You visited 1 branch of the dungeon, and saw 3 of its levels.

You collected 81 gold pieces.

Inventory:

Hand Weapons
 a - a +0 rapier (weapon)
 l - a +0 dagger
Armour
 b - a +0 robe (worn)
 c - a +0 buckler (worn)
Jewellery
 i - a +6 ring of strength (left hand)
Scrolls
 f - a scroll of amnesia {unknown}
 h - a scroll of vulnerability {unknown}
 j - a scroll of summoning {unknown}
 k - 2 scrolls of blinking
 m - a scroll of fear {unknown}
 n - a scroll of teleportation {unknown}
 o - a scroll of immolation {unknown}
 p - a scroll of acquirement {unknown}
Potions
 e - a potion of flight
 g - 2 potions of curing {unknown}


   Skills:
 + Level 2.5 Fighting
 * Level 4.5 Short Blades
 - Level 4.0 Dodging
 * Level 5.4 Stealth
 - Level 2.1 Shields


You had 4 spell levels left.
You didn't know any spells.
Your spell library contained the following spells:

 Spells                   Type           Power      Damage    Failure   Level
 Ensorcelled Hibernation  Hex/Ice        0%         N/A       75%         2
 Spider Form              Tmut/Pois      0%         N/A       93%         3
 Anguish                  Hex/Necr       0%         N/A       100%        4


Dungeon Overview and Level Annotations

Branches:
Dungeon (3/15)

Altars:


Innate Abilities, Weirdness & Mutations

You are very small and have problems with some larger weapons.
You are too small for most types of armour.
You have supernaturally acute eyesight. (SInv)
You cover ground extremely quickly. (Speed+++)


Message History

The orc wizard shouts!
You puncture the kobold!
You kill the kobold!
An orc comes into view. It is wielding a +0 short sword.
The orc wizard points at you and mumbles some strange words.
The magic dart hits you!
You see here a +0 dagger.
The orc shouts!
You hit the orc wizard but do no damage.
You hit the orc.
The orc is moderately wounded.
You feel very mighty all of a sudden. The orc hits you with a +0 short sword.
You hit the orc.
The orc is heavily wounded.
The orc misses you.
You barely miss the orc.
The orc is heavily wounded.
You block the orc's attack.
You hit the orc.
You kill the orc!
The orc wizard casts a spell at you.
You are confused.
You bump into the rock wall.
The orc priest casts a cantrip, but nothing happens.
You bump into the rock wall.
The orc wizard mumbles some strange words.
The orc wizard flickers and vanishes for a moment.
The orc priest calls down the wrath of Beogh upon you.
Beogh smites you!
You barely miss the orc priest. The orc priest misses you.
The orc priest hits you with a +1 whip of holy wrath.
* * * LOW HITPOINT WARNING * * *
You bump into the rock wall.
The orc priest hits you with a +1 whip of holy wrath.
* * * LOW HITPOINT WARNING * * *
You bump into the rock wall.
The orc priest mumbles some strange prayers to Beogh against you.
Beogh smites you!
You die...

#..# #..# ## ##..# ...
.... ... #..# .. ..#
#.####.# # #oo@..)###.#
#######....# #.#### ##+##
#.# ##...## #.# ##.....##
#.## ##.......## #..##
#.........####...########
+.........'..............


You could see an orc priest and an orc wizard (invisible).

Vanquished Creatures
  Natasha (thrice) (D:2)
  4 adders (D:2)
  2 worms (D:2)
  An orc (D:3)
  4 ball pythons (D:1)
  An endoplasm (D:1)
  2 giant cockroaches
  6 goblins
  A hobgoblin (D:2)
  4 jackals (D:2)
  3 quokkas (D:1)
  12 bats
  6 frilled lizards
  3 kobolds
  3 rats
55 creatures vanquished.

Notes
Turn   | Place    | Note
-------+----------+-------------------------------------------
     0 | D:1      | greasedhog the Spriggan Fighter began the quest for the
                  | Orb.
     0 | D:1      | Reached XP level 1. HP: 11/11 MP: 2/2
   190 | D:1      | Reached skill level 1 in Stealth
   332 | D:1      | Reached XP level 2. HP: 6/16 MP: 3/3
   340 | D:1      | Reached skill level 2 in Stealth
   909 | D:2      | Reached skill level 3 in Stealth
   909 | D:2      | Reached XP level 3. HP: 7/19 MP: 4/4
   979 | D:2      | Noticed Natasha
   985 | D:2      | Killed Natasha
  1081 | D:2      | Reached skill level 4 in Stealth
  1081 | D:2      | Reached XP level 4. HP: 15/23 MP: 5/5
  1141 | D:2      | Found a faded altar of an unknown god.
  1203 | D:2      | Noticed Natasha
  1217 | D:2      | Killed Natasha
  1485 | D:2      | Reached skill level 5 in Stealth
  2060 | D:3      | Reached XP level 5. HP: 27/27 MP: 6/6
  2126 | D:3      | Noticed an ogre
  2203 | D:2      | Noticed Natasha
  2218 | D:2      | Killed Natasha
  2366 | D:3      | HP: 1/27 [orc priest/+1 whip of holy wrath (2)]
  2367 | D:3      | Killed from afar by an orc priest

Illustrated notes

Levels and vault maps discovered:
D:1:      dreamdust_arrival_sigmund_warning, layout_basic,
          nicolae_kite_square_tiling_tiny, solitary_fountain
D:2:      layout_loops_corners, ebering_ecumenical_altar_sacrificial,
          uniq_natasha
D:3:      layout_loops_corners, cheibrodos_sewer_entry_bend, uniq_jessica

Skill      XL: |  1  2  3  4 |
---------------+-------------+-----
Stealth        | 1 3 4 5 |  5.4
Short Blades   | 3 4 |  4.5
Fighting       | |  2.5
Dodging        | |  4.0
Shields        | |  2.1

Action                   |  1- 3 |  4- 6 || total
-------------------------+-------+-------++-------
Melee: Rapier            |    83 |    78 ||   161
  Use: Scroll            |       |     2 ||     2
       Potion            |       |     1 ||     1
 Stab: Sleeping          |     9 |    13 ||    22
Armor: Robe              |     6 |     2 ||     8
Dodge: Dodged            |    55 |    42 ||    97
Block: Buckler           |    25 |     9 ||    34

Table legend: (Time is in decaauts)
 A = Elapsed time spent in this place.
 B = Non-inter-level travel time spent in this place.
 C = Inter-level travel time spent in this place.
 D = Time resting spent in this place.
 E = Time spent auto-exploring this place.
 F = Levels seen in this place.
 G = Mean time per level.
                   A        B        C        D        E       F      G
               +--------+--------+--------+--------+--------+-----+--------+
         Total |   1677 |   1573 |    104 |    237 |    966 |   3 |  559.0 |
       Dungeon |   1677 |   1573 |    104 |    237 |    966 |   3 |  559.0 |
               +--------+--------+--------+--------+--------+-----+--------+

Top non-repeatable levels by time:
     D:2: 1069 daAuts
     D:1: 551 daAuts
     D:3: 56 daAuts
